 Dungeon Crawl Stone Soup version 0.29.0-4-gdea44cf6ec (webtiles) character file.

Game seed: 94478823575971813

2803 qw the Blocker (level 9, -5/80 HPs)
             Began as a Troll Cinder Acolyte on Sept 3, 2022.
             Was a Priest of Ignis.
             Slain by Erica
             ... wielding a +3 scimitar of flaming
              (10 damage)
             ... on level 8 of the Dungeon.
             The game lasted 00:03:03 (5156 turns).

qw the Blocker (Troll Cinder Acolyte)               Turns: 5156, Time: 00:03:04

Health: -5/80      AC: 11    Str: 28    XL:     9   Next: 44%
Magic:  9/9        EV:  7    Int: 10    God:    Ignis [***...]
Gold:   257        SH: 18    Dex:  5    Spells: 10/10 levels left

rFire   + . .      SeeInvis .     - Unarmed
rCold   . . .      Faith    .   b - +0 tower shield
rNeg    . . .      Spirit   .   a - +0 robe
rPois   .          Reflect  +   (helmet restricted)
rElec   .          Harm     .   (no cloak)
rCorr   .          Rampage  .   (gloves unavailable)
Will    .....                   (boots unavailable)
Stlth   +.........              o - amulet of reflection
HPRegen 1.03/turn               (no ring)
MPRegen 0.11/turn               (no ring)

@: fiery-armoured
A: large, unfitting armour, claws 3, regeneration 1, shaggy fur 1, tough skin 1,
hooves 1, wild magic 1
a: Renounce Religion, Fiery Armour, Foxfire Swarm, Rising Flame


You were on level 8 of the Dungeon.
You worshipped Ignis.
Ignis was most pleased with you.
You visited 1 branch of the dungeon, and saw 8 of its levels.

You collected 390 gold pieces.
You spent 133 gold pieces at shops.


Innate Abilities, Weirdness & Mutations

You are too large for most types of armour.
You have claws for hands.
Your natural rate of healing is unusually fast.
You are covered in fur. (AC +1)
You have tough skin. (AC +1)
You have large cloven feet.
Your spells are a little harder to cast, but a little more powerful.


   Skills:
 - Level 2.4 Fighting
 + Level 9.8 Shields
 - Level 8.1 Unarmed Combat
 - Level 1.0 Spellcasting
 - Level 2.1 Fire Magic


You had 10 spell levels left.
You didn't know any spells.
Your spell library contained the following spells:

 Spells                   Type           Power      Damage    Failure   Level
 Scorch                   Fire           12%        2d5       73%         2

Inventory:

Missiles
 c - 9 boomerangs (quivered)
Armour
 a - a +0 robe (worn)
 b - a +0 tower shield (worn)
Jewellery
 o - an amulet of reflection (around neck)
Scrolls
 e - a scroll of teleportation
 h - 4 scrolls of enchant armour
 l - a scroll of identify
Potions
 d - a potion of heal wounds
 f - 2 potions of might
 g - 2 potions of mutation
 i - 5 potions of curing
 n - a potion of degeneration {unknown}

Dungeon Overview and Level Annotations

Branches:
Dungeon (8/15)             Temple (0/1) D:4
   Lair: D:8-11

Altars:
Yredelemnul

Shops:
D:4 ?   D:7 =

Annotations:
D:8 Erica


Message History

You swing at nothing.
You feel sick. Something hits you!
You swing at nothing.
You feel sick. Something hits you.
You swing at nothing.
You feel sick.
You hear some strange, mumbled words.
You are confused.
5144 ||| DRINKING 6 potions of curing.
You feel better.
5144 ||| (to cure confusion)
Something hits you! Something burns you.
You swing at nothing.
Something hits you but does no damage.
You barely miss something. Your kick misses something. Something hits you.
You swing at nothing.
Something hits you.
You swing at nothing.
You hear some strange, mumbled words.
Something tries to affect you, but you resist.
You scratch something.
You hear some strange, mumbled words.
Something tries to affect you, but you resist.
You claw something! Your kick misses something.
Something hits you but does no damage.
You hear some strange, mumbled words.
A lance of force appears from out of thin air!
The lance of force hits you!
You are knocked back by the lance of force.
You swing at nothing.
You swing at nothing.
You swing at nothing.
Something hits you. Something burns you.
You swing at nothing.
Something hits you but does no damage.
You barely miss something. Your kick misses something. Something hits you.
Something burns you.
You swing at nothing.
Something hits you!
You die...

..# ...# #...
#.. .##...
....?.### ##
##.#.
#......#####..#
#..#.#
#......@.....#
..#.#
....#####.###..#
....# .
#...##.#+#.#..#
###.##.....#..#
#.>.#..###..##
###.##..##.).#
#.....##.<)#
####.)##...#
##.))..##


There were no monsters in sight!

Vanquished Creatures
  A vampire (D:7)
  A wraith (D:5)
  A water moccasin (D:6)
  Duvessa (D:4)
  An orc warrior (D:8)
  An ice beast (D:6)
  2 black bears
  4 sky beasts
  An ogre (D:4)
  2 centaurs (D:5)
  4 bullfrogs (D:7)
  2 scorpions
  Dowan (D:4)
  3 howler monkeys
  A crimson imp (D:7)
  4 hounds
  2 jellies
  2 orc priests
  5 iguanas
  5 orc wizards
  A hound zombie (D:3)
  6 adders
  3 gnolls (D:2)
  A shadow imp (D:6)
  A white imp (D:7)
  An adder zombie (D:3)
  A worm (D:3)
  2 dart slugs
  20 orcs
  5 bats
  9 endoplasms
  6 giant cockroaches
  6 goblins
  8 hobgoblins
  12 jackals
  3 quokkas
  7 ball pythons
  2 ball python skeletons (D:3)
  3 frilled lizards
  A giant cockroach zombie (D:3)
  A jackal zombie (D:3)
  7 kobolds
  3 rats
153 creatures vanquished.

Vanquished Creatures (others)
  A kobold (D:4)
  A withered plant (D:3)
2 creatures vanquished.

Grand Total: 155 creatures vanquished

Notes
Turn   | Place    | Note
-------+----------+-------------------------------------------
     0 | D:1      | qw the Troll Cinder Acolyte began the quest for the Orb.
     0 | D:1      | Reached XP level 1. HP: 22/22 MP: 1/1
     0 | D:1      | 0 ||| qw: Version: 0.1-a-102-g441f92d
     0 | D:1      | 0 ||| qw: Game counter: 5065
     0 | D:1      | 0 ||| qw: Always use a shield: true
     0 | D:1      | 0 ||| qw: God list: Okawaru
     0 | D:1      | 0 ||| qw: Allow faded altars: false
     0 | D:1      | 0 ||| qw: Do Orc after D:15 true
     0 | D:1      | 0 ||| qw: Do second Lair branch before Depths: true
     0 | D:1      | 0 ||| qw: Lair rune preference: random
     0 | D:1      | 0 ||| qw: Plans: Normal
     0 | D:1      | 0 ||| PLANNING D:1-11
    58 | D:1      | Found a faded altar of an unknown god.
   171 | D:1      | 171 ||| Stepping ~*~*~tactically~*~*~ (stealth).
   176 | D:1      | 176 ||| Stepping ~*~*~tactically~*~*~ (stealth).
   179 | D:1      | Reached XP level 2. HP: 29/29 MP: 2/2
   194 | D:1      | 194 ||| INVOKING Fiery Armour.
   413 | D:1      | 413 ||| Stepping ~*~*~tactically~*~*~ (stealth).
   850 | D:1      | 850 ||| READING scroll labelled LIDIMI NOTITRO.
   851 | D:1      | 851 ||| READING scroll labelled RESANI FISMO.
   959 | D:2      | Reached XP level 3. HP: 36/36 MP: 3/3
  1138 | D:2      | 1138 ||| INVOKING Fiery Armour.
  1262 | D:2      | 1262 ||| Stepping ~*~*~tactically~*~*~ (outnumbered).
  1263 | D:2      | 1263 ||| Stepping ~*~*~tactically~*~*~ (outnumbered).
  1264 | D:2      | 1264 ||| Stepping ~*~*~tactically~*~*~ (outnumbered).
  1265 | D:2      | 1265 ||| Stepping ~*~*~tactically~*~*~ (outnumbered).
  1267 | D:2      | Reached XP level 4. HP: 44/44 MP: 4/4
  1357 | D:2      | 1357 ||| UPGRADING to +0 tower shield.
  1362 | D:2      | 1362 ||| DRINKING 2 bubbling black potions.
  1401 | D:2      | 1401 ||| DRINKING 3 smoky red potions.
  1401 | D:2      | Gained mutation: You have large cloven feet. [potion of
                  | mutation]
  1401 | D:2      | Gained mutation: Your spells are a little harder to cast,
                  | but a little more powerful. [potion of mutation]
  1402 | D:2      | 1402 ||| DRINKING 2 viscous silvery potions.
  1403 | D:2      | 1403 ||| DROPPING potion of lignification.
  1443 | D:3      | 1443 ||| Stepping ~*~*~tactically~*~*~ (outnumbered).
  1495 | D:3      | Reached skill level 1 in Shields
  1578 | D:3      | 1578 ||| Stepping ~*~*~tactically~*~*~ (outnumbered).
  1579 | D:3      | 1579 ||| Stepping ~*~*~tactically~*~*~ (outnumbered).
  1727 | D:3      | Found a basalt altar of Yredelemnul.
  1966 | D:3      | Reached skill level 2 in Shields
  2067 | D:3      | 2067 ||| UPGRADING to amulet of reflection.
  2072 | D:3      | 2072 ||| READING scroll labelled HIYNORCHISI.
  2094 | D:3      | 2094 ||| READING scroll labelled YVOGOMETRO.
  2097 | D:3      | 2097 ||| READING scroll labelled VIOTRA YSOFE.
  2105 | D:4      | 2105 ||| STAIRDANCE
  2116 | D:4      | 2116 ||| STAIRDANCE
  2119 | D:3      | Reached XP level 5. HP: 50/50 MP: 5/5
  2197 | D:4      | Noticed Dowan
  2198 | D:4      | 2198 ||| Stepping ~*~*~tactically~*~*~ (hiding).
  2200 | D:4      | Noticed Duvessa
  2201 | D:4      | 2201 ||| INVOKING Fiery Armour.
  2202 | D:4      | 2202 ||| Stepping ~*~*~tactically~*~*~ (outnumbered).
  2207 | D:4      | Killed Dowan
  2208 | D:4      | Reached skill level 3 in Shields
  2219 | D:4      | Reached XP level 6. HP: 51/59 MP: 6/6
  2223 | D:4      | Killed Duvessa
  2224 | D:4      | Reached skill level 4 in Shields
  2277 | D:4      | Found Acurch's Magic Scroll Shoppe.
  2309 | D:4      | 2309 ||| SHOPLISTING 3 scrolls of enchant armour (315 gold,
                  | have 138).
  2309 | D:4      | 2309 ||| BUYING scroll of enchant armour (105 gold).
  2309 | D:4      | Bought a scroll of enchant armour for 105 gold pieces
  2309 | D:4      | 2309 ||| SHOPLISTING scroll of enchant armour (105 gold,
                  | have 33).
  2309 | D:4      | 2309 ||| SHOPLISTING scroll of enchant weapon (105 gold,
                  | have 33).
  2309 | D:4      | 2309 ||| BUYING scroll of identify (28 gold).
  2309 | D:4      | Bought a scroll of identify for 28 gold pieces
  2309 | D:4      | 2309 ||| SHOPLISTING scroll of identify (28 gold, have 5).
  2309 | D:4      | 2309 ||| SHOPLISTING scroll of teleportation (42 gold, have
                  | 5).
  2322 | D:4      | Found a staircase to the Ecumenical Temple.
  2559 | D:4      | Reached skill level 5 in Shields
  2603 | D:4      | 2603 ||| Stepping ~*~*~tactically~*~*~ (stealth).
  2647 | D:4      | 2647 ||| Stepping ~*~*~tactically~*~*~ (stealth).
  2661 | D:4      | Reached XP level 7. HP: 47/66 MP: 7/7
  2711 | D:4      | Reached skill level 6 in Shields
  2756 | D:4      | 2756 ||| Stepping ~*~*~tactically~*~*~ (hiding).
  2758 | D:4      | 2758 ||| Stepping ~*~*~tactically~*~*~ (hiding).
  2886 | D:4      | 2886 ||| READING scroll labelled BEADAUSOAHE.
  2887 | D:4      | 2887 ||| DRINKING 2 fizzy brown potions.
  2888 | D:4      | 2888 ||| READING 2 scrolls of identify.
  2888 | D:4      | 2888 ||| IDENTIFYING coppery potion
  2889 | D:4      | 2889 ||| DROPPING potion of attraction.
  2890 | D:4      | 2890 ||| DROPPING potion of brilliance.
  2891 | D:4      | 2891 ||| READING scroll of teleportation.
  2911 | D:5      | Entered Level 5 of the Dungeon
  3130 | D:5      | Noticed a wraith
  3143 | D:5      | 3143 ||| INVOKING Fiery Armour.
  3144 | D:5      | Killed a wraith
  3145 | D:5      | Reached skill level 7 in Shields
  3189 | D:5      | 3189 ||| Stepping ~*~*~tactically~*~*~ (hiding).
  3193 | D:5      | Reached XP level 8. HP: 65/74 MP: 8/8
  3240 | D:5      | Reached skill level 8 in Shields
  3557 | D:5      | 3557 ||| DROPPING +6 ring of intelligence.
  3558 | D:5      | 3558 ||| READING 2 scrolls of identify.
  3558 | D:5      | 3558 ||| IDENTIFYING metallic coppery potion
  3615 | D:6      | 3615 ||| FLEEEEING.
  3616 | D:6      | 3616 ||| FLEEEEING.
  3618 | D:6      | 3618 ||| FLEEEEING.
  3619 | D:6      | 3619 ||| FLEEEEING.
  3620 | D:6      | 3620 ||| FLEEEEING.
  3621 | D:6      | 3621 ||| FLEEEEING.
  3622 | D:6      | 3622 ||| FLEEEEING.
  3629 | D:6      | 3629 ||| FLEEEEING.
  3630 | D:6      | 3630 ||| FLEEEEING.
  3631 | D:6      | 3631 ||| FLEEEEING.
  3632 | D:6      | 3632 ||| STAIRDANCE
  3667 | D:6      | Reached skill level 6 in Unarmed Combat
  3938 | D:6      | Reached skill level 9 in Shields
  4015 | D:6      | 4015 ||| Stepping ~*~*~tactically~*~*~ (outnumbered).
  4016 | D:6      | 4016 ||| Stepping ~*~*~tactically~*~*~ (outnumbered).
  4017 | D:6      | 4017 ||| Stepping ~*~*~tactically~*~*~ (outnumbered).
  4018 | D:6      | 4018 ||| Stepping ~*~*~tactically~*~*~ (outnumbered).
  4019 | D:6      | 4019 ||| Stepping ~*~*~tactically~*~*~ (outnumbered).
  4020 | D:6      | 4020 ||| Stepping ~*~*~tactically~*~*~ (outnumbered).
  4021 | D:6      | 4021 ||| Stepping ~*~*~tactically~*~*~ (outnumbered).
  4022 | D:6      | 4022 ||| Stepping ~*~*~tactically~*~*~ (outnumbered).
  4023 | D:6      | 4023 ||| Stepping ~*~*~tactically~*~*~ (outnumbered).
  4024 | D:6      | 4024 ||| Stepping ~*~*~tactically~*~*~ (outnumbered).
  4076 | D:6      | 4076 ||| FLEEEEING.
  4077 | D:6      | 4077 ||| FLEEEEING.
  4078 | D:6      | 4078 ||| FLEEEEING.
  4079 | D:6      | 4079 ||| FLEEEEING.
  4080 | D:6      | 4080 ||| FLEEEEING.
  4081 | D:6      | 4081 ||| FLEEEEING.
  4082 | D:6      | 4082 ||| FLEEEEING.
  4083 | D:6      | 4083 ||| FLEEEEING.
  4084 | D:6      | 4084 ||| FLEEEEING.
  4085 | D:6      | 4085 ||| FLEEEEING.
  4086 | D:6      | 4086 ||| FLEEEEING.
  4087 | D:6      | 4087 ||| FLEEEEING.
  4088 | D:6      | 4088 ||| FLEEEEING.
  4089 | D:6      | 4089 ||| FLEEEEING.
  4090 | D:6      | 4090 ||| FLEEEEING.
  4091 | D:6      | 4091 ||| FLEEEEING.
  4220 | D:6      | 4220 ||| DRINKING 2 inky potions.
  4324 | D:6      | 4324 ||| READING 2 scrolls of identify.
  4324 | D:6      | 4324 ||| IDENTIFYING metallic cyan potion
  4325 | D:6      | 4325 ||| DROPPING potion of berserk rage.
  4418 | D:7      | Found Hionakio's One-of-a-Kind Rings.
  4425 | D:7      | 4425 ||| SHOPLISTING +2 ring of evasion (140 gold, have
                  | 135).
  4425 | D:7      | 4425 ||| SHOPLISTING +3 ring of strength (140 gold, have
                  | 135).
  4425 | D:7      | 4425 ||| SHOPLISTING +7 ring of slaying (2416 gold, have
                  | 135).
  4425 | D:7      | 4425 ||| SHOPLISTING +8 ring of dexterity (770 gold, have
                  | 135).
  4425 | D:7      | 4425 ||| SHOPLISTING ring "Wayphup" {Fly Will- rCorr AC+4
                  | Int+9} (915 gold, have 135).
  4425 | D:7      | 4425 ||| SHOPLISTING ring of Jeunaab {Fire rPois Dex+3}
                  | (595 gold, have 135).
  4456 | D:7      | Reached XP level 9. HP: 80/80 MP: 9/9
  4529 | D:7      | 4529 ||| INVOKING Fiery Armour.
  4532 | D:7      | 4532 ||| Stepping ~*~*~tactically~*~*~ (stealth).
  5017 | D:7      | 5017 ||| READING scroll labelled OLEZXI WASUPYM.
  5018 | D:7      | 5018 ||| READING scroll labelled DERAZ IPUDIR.
  5019 | D:7      | 5019 ||| READING 2 scrolls of identify.
  5019 | D:7      | 5019 ||| IDENTIFYING fizzy cyan potion
  5020 | D:7      | 5020 ||| DROPPING potion of ambrosia.
  5072 | D:8      | 5072 ||| STAIRDANCE
  5080 | D:8      | 5080 ||| Stepping ~*~*~tactically~*~*~ (outnumbered).
  5090 | D:8      | 5090 ||| Stepping ~*~*~tactically~*~*~ (hiding).
  5093 | D:8      | 5093 ||| INVOKING Fiery Armour.
  5095 | D:8      | 5095 ||| Stepping ~*~*~tactically~*~*~ (outnumbered).
  5096 | D:8      | 5096 ||| Stepping ~*~*~tactically~*~*~ (outnumbered).
  5132 | D:8      | Noticed Erica
  5141 | D:8      | HP: 16/80 [something (9)]
  5144 | D:8      | 5144 ||| DRINKING 6 potions of curing.
  5144 | D:8      | 5144 ||| (to cure confusion)
  5146 | D:8      | HP: 15/80 [something (5)]
  5153 | D:8      | HP: 10/80 [something (3)]
  5155 | D:8      | HP: 4/80 [something (1)]
  5156 | D:8      | Slain by Erica

Levels and vault maps discovered:
D:1:      minmay_arrival_semitransparent, layout_basic,
          nicolae_ecumenical_lake_church
D:2:      layout_basic
D:3:      layout_loops_ring, lemuel_crystal_altar, serial_undead,
          serial_undead_a, serial_undead_e, serial_undead_e, serial_undead_b,
          corexii_corridor_pit, minmay_misc_feat_plants
D:4:      minmay_angry_zag, layout_basic, minmay_temple_entry_trees,
          serial_shops, nicolae_shop_statue_plus, dk_noncrumbling_2,
          uniq_duvessa
D:5:      layout_basic
D:6:      layout_basic
D:7:      layout_basic, nicolae_shop_unique_rings,
          chequers_serial_rivers_micro_c, minmay_fire_ice_demons
D:8:      layout_rooms, mainiacjoe_overflow_surrounded_room,
          xom_confusion_cloud, uniq_psyche, uniq_erica

Skill      XL: |  1  2  3  4  5  6  7  8  9 |
---------------+----------------------------+-----
Unarmed Combat | 4 5 6 8 |  8.1
Shields        | 2 3 5 7 9 |  9.8
Fighting       | |  2.4
Spellcasting   | |  1.0
Fire Magic     | |  2.1

Action                   |  1- 3 |  4- 6 |  7- 9 || total
-------------------------+-------+-------+-------++-------
Melee: Unarmed           |    84 |   121 |   218 ||   423
       Punch             |     2 |       |       ||     2
       Kick              |       |    15 |    31 ||    46
Throw: Boomerang         |       |    20 |    49 ||    69
Invok: Fiery Armour      |     2 |     1 |     3 ||     6
  Use: Scroll            |     2 |     3 |     8 ||    13
       Potion            |       |     3 |     3 ||     6
Armor: Robe              |    51 |    32 |    42 ||   125
Dodge: Dodged            |    39 |    24 |    29 ||    92
Block: Tower shield      |       |    71 |   169 ||   240
       Reflection        |       |     3 |     4 ||     7

Table legend:
 A = Non-vault XP
 B = Vault XP
 C = Vault XP percentage of total XP
 D = Non-vault monster count
 E = Vault monster count
 F = Vault count percentage of total count
                 A         B        C        D         E       F
            +---------+---------+-------+---------+---------+-------
      Total |    3366 |     639 |  16.0 |     136 |      17 |  11.1
            +---------+---------+-------+---------+---------+-------
        D:1 |      37 |       0 |   0.0 |      21 |       0 |   0.0
        D:2 |      77 |       0 |   0.0 |      16 |       0 |   0.0
        D:3 |     100 |      31 |  23.7 |      20 |       6 |  23.1
        D:4 |     203 |     549 |  73.0 |      25 |       9 |  26.5
        D:5 |     695 |       0 |   0.0 |      12 |       0 |   0.0
        D:6 |    1037 |       0 |   0.0 |      23 |       0 |   0.0
        D:7 |     989 |      59 |   5.6 |      11 |       2 |  15.4
        D:8 |     228 |       0 |   0.0 |       8 |       0 |   0.0
            +---------+---------+-------+---------+---------+-------
